 Dungeon Crawl Stone Soup version 0.30-a0-937-ga0a21ad780 (webtiles) character file.

Game seed: 4231206944072219891

117 xian the Chiller (level 5, -1/32 HPs)
             Began as an Octopode Ice Elementalist on Mar 25, 2023.
             Was an Initiate of Vehumet.
             Slain by an orc wizard
             ... wielding a +0 dagger
              (5 damage)
             ... on level 3 of the Dungeon.
             The game lasted 00:08:54 (2609 turns).

xian the Chiller (Octopode Ice Elementalist)        Turns: 2609, Time: 00:08:55

Health: -1/32      AC:  1    Str:  7    XL:     5   Next: 1%
Magic:  2/9        EV: 13    Int: 19    God:    Vehumet [......]
Gold:   229        SH:  0    Dex: 13    Spells: 2/9 levels left

rFire   . . .      SeeInvis .    g - +0 short sword (elec)
rCold   + . .      Faith    .    (no shield)
rNeg    . . .      Spirit   .    (helmet restricted)
rPois   .          Reflect  .    (no amulet)
rElec   .          Rampage  .    l - ring of willpower
rCorr   .                        n - ring of protection from cold
Will    +....                    (no ring)
Stlth   ++++                     (no ring)
HPRegen 0.25/turn                (no ring)
MPRegen 0.11/turn                (no ring)
                                 (no ring)
                                 (no ring)

@: freezing walls
A: almost no armour, amphibious, 8 rings, camouflage 1, gelatinous body 1,
(nimble swimmer 1), tentacles
a: Renounce Religion


You were on level 3 of the Dungeon.
You worshipped Vehumet.
Vehumet was noncommittal.
You visited 1 branch of the dungeon, and saw 3 of its levels.

You collected 229 gold pieces.

Inventory:

Hand Weapons
 g - a +0 short sword of electrocution (weapon)
Jewellery
 l - a ring of willpower (left tentacle)
 n - a ring of protection from cold (right tentacle)
Scrolls
 b - 3 scrolls of teleportation
 c - a scroll of poison
 d - 2 scrolls of brand weapon
 e - a scroll of blinking
 f - a scroll of immolation
 h - a scroll of butterflies
 j - 2 scrolls of amnesia {unknown}
 k - a scroll of vulnerability {unknown}
 p - a scroll of enchant weapon {unknown}
 q - a scroll of fear {unknown}
 r - a scroll of enchant armour {unknown}
Potions
 a - a potion of magic
 i - 2 potions of flight
 m - 2 potions of heal wounds {unknown}
 o - a potion of resistance {unknown}


   Skills:
 + Level 0.5 Fighting
 + Level 0.5 Short Blades
 + Level 2.2 Dodging
 + Level 4.2 Stealth
 + Level 2.7 Spellcasting
 + Level 4.9 Ice Magic


You had 2 spell levels left.
You knew the following spells:

 Your Spells              Type           Power      Damage    Failure   Level
a - Freeze                Ice            84%        1d9       1%          1
b - Frozen Ramparts       Ice            42%        1d7       6%          3
c - Ozocubu's Armour      Ice            21%        N/A       6%          3

Your spell library contained the following spells:

 Spells                   Type           Power      Damage    Failure   Level
 Summon Ice Beast         Ice/Summ       11%        N/A       50%         4


Dungeon Overview and Level Annotations

Branches:
Dungeon (3/15)

Altars:
Kikubaaqudgha
Vehumet


Innate Abilities, Weirdness & Mutations

You cannot wear most types of armour.
You are amphibious.
You can wear up to eight rings at the same time.
Your skin changes colour to match your surroundings (Stealth+).
Your rubbery body absorbs attacks. (AC +1, EV +1)
((You are camouflaged when in or above water. (Stealth+)))
You have tentacles for arms and can constrict up to eight enemies at once.


Message History

Confirm with . or Enter, or press ? or * to list all spells.
The spell is quite dangerous to miscast (7% risk of failure)!
Continue anyway?
Casting: Frozen Ramparts (quite dangerous; 7% risk of failure)
Press: ? - help, Dir - look around, f - activate An open door, spattered with blood.
The walls around you are covered in ice.
The wall freezes the orc wizard but does no damage.
The orc wizard hits you with a +0 dagger.
The wall freezes the orc wizard.
The orc wizard gestures at you while chanting.
The puff of flame hits you!
The wall freezes the orc wizard.
The orc wizard casts a spell at you. The puff of flame hits you!
* * * LOW HITPOINT WARNING * * *
You are too injured to fight recklessly!
Casting: Frozen Ramparts (quite dangerous; 7% risk of failure)
Confirm with . or Enter, or press ? or * to list all spells.
Aiming: Freeze (safe; 2% risk of failure)
Press: ? - help, Shift-Dir - straight line, f - orc wizard
Aim: an orc wizard, wielding a +0 dagger and wearing a +0 robe (moderately wounded)
You freeze the orc wizard!
The orc wizard is severely wounded.
The wall freezes the orc wizard.
The orc wizard misses you.
The wall freezes the orc wizard.
The orc wizard closely misses you.
The wall freezes the orc wizard!
You kill the orc wizard!
Vehumet accepts your kill.
You have reached level 5!
You feel agile.
Casting: Freeze (safe; 1% risk of failure)
Confirm with . or Enter, or press ? or * to list all spells.
Aiming: Freeze (safe; 1% risk of failure)
Press: ? - help, Shift-Dir - straight line, f - orc wizard
Aim: an orc wizard, wielding a +0 dagger and wearing a +0 robe You freeze the orc wizard.
The orc wizard is heavily wounded.
The wall freezes the orc wizard.
The orc wizard closely misses you.
The wall freezes the orc wizard.
The orc wizard hits you with a +0 dagger.
You die...

#.###### ####.......
#......# #.......
#......# #######
######## #......#
##..#..# #
#......####...')_# #
#.......##....#..#
#...†...#.....####
####....#.⌠.⌠.#o.#
###.....⌠..@o_#
#######
#..#.⌠.⌠.#o.#
#......
####.....####
####.##... ##....#
#......... ##...+
####.#.##.... ##..#
#....#.......
########.######.#...
#.##.#.#.######...##
#....#...#......####


You could see 3 orc wizards.

Vanquished Creatures
  2 orc wizards (D:3)
  2 adders (D:3)
  2 dart slugs (D:1)
  An orc (D:3)
  3 ball pythons
  4 endoplasms
  2 goblins (D:1)
  5 hobgoblins
  6 jackals (D:1)
  3 kobolds
  2 quokkas
  4 bats
  3 frilled lizards
  4 rats (D:1)
43 creatures vanquished.

Notes
Turn   | Place    | Note
-------+----------+-------------------------------------------
     0 | D:1      | xian the Octopode Ice Elementalist began the quest for the
                  | Orb.
     0 | D:1      | Reached XP level 1. HP: 11/11 MP: 3/3
   248 | D:1      | Reached XP level 2. HP: 14/17 MP: 1/5
   649 | D:1      | Reached XP level 3. HP: 21/21 MP: 6/6
   653 | D:1      | Learned a level 3 spell: Frozen Ramparts
  1444 | D:2      | Found a radiant altar of Vehumet.
  1633 | D:2      | Became a worshipper of Vehumet
  2076 | D:3      | Reached XP level 4. HP: 17/27 MP: 4/7
  2229 | D:3      | Learned a level 3 spell: Ozocubu's Armour
  2521 | D:3      | Found a radiant altar of Vehumet.
  2605 | D:3      | Found an ancient bone altar of Kikubaaqudgha.
  2609 | D:3      | Reached XP level 5. HP: 4/32 MP: 3/9
  2609 | D:3      | Slain by an orc wizard

Illustrated notes

Levels and vault maps discovered:
D:1:      ncdulo_halloftheorcs, layout_loops_ring
D:2:      layout_basic, basic_altar, chequers_serial_rivers_large_a
D:3:      layout_basic, palyth_temple_overflow_mages

Skill      XL: |  1  2  3  4 |
---------------+-------------+-----
Stealth        | 3 4 |  4.2
Fighting       | |  0.5
Short Blades   | |  0.5
Dodging        | |  2.2
Spellcasting   | |  2.7
Ice Magic      | |  4.9

Action                     |  1- 3 |  4- 6 || total
---------------------------+-------+-------++-------
  Melee: Unarmed           |     9 |       ||     9
         Constrict         |    14 |     3 ||    17
         Tentacles         |     7 |     3 ||    10
         Dagger            |    24 |       ||    24
         Short sword       |    14 |    13 ||    27
   Cast: Freeze            |    23 |    11 ||    34
         Frozen Ramparts   |       |     1 ||     1
    Use: Scroll            |     7 |       ||     7
   Stab: Sleeping          |    10 |     1 ||    11
 Armour: Skin              |     6 |       ||     6
  Dodge: Dodged            |    37 |    15 ||    52

Table legend: (Time is in decaauts)
 A = Elapsed time spent in this place.
 B = Non-inter-level travel time spent in this place.
 C = Inter-level travel time spent in this place.
 D = Time resting spent in this place.
 E = Time spent auto-exploring this place.
 F = Levels seen in this place.
 G = Mean time per level.
                   A        B        C        D        E       F      G
               +--------+--------+--------+--------+--------+-----+--------+
         Total |   2606 |   2555 |     51 |      0 |   1990 |   3 |  868.7 |
       Dungeon |   2606 |   2555 |     51 |      0 |   1990 |   3 |  868.7 |
               +--------+--------+--------+--------+--------+-----+--------+

Top non-repeatable levels by time:
     D:2: 909 daAuts
     D:1: 872 daAuts
     D:3: 824 daAuts
